 Dungeon Crawl Stone Soup version 0.26.0-10-g1f06aea511 (webtiles) character file.

Game seed: 194748337326223777

15 sanka the Sneak (level 2, -6/28 HPs)
             Began as a Naga Delver on Jan 19, 2021.
             Splashed by an orc's acid (14 damage)
             ... on level 5 of the Dungeon.
             The game lasted 00:01:15 (189 turns).

sanka the Sneak (Naga Delver)                        Turns: 189, Time: 00:01:15

Health: -6/28      AC: -1    Str: 14    XL:     2   Next: 50%
Magic:  2/2        EV:  9    Int: 10    God:
Gold:   0          SH:  0    Dex: 12    Spells: 1/1 levels left

rFire    + . .     SeeInvis +   i - +0 flail
rCold    . . .     Faith    .   (no shield)
rNeg     . . .     Spirit   .   b - +0 leather armour
rPois    +         Reflect  .   (no helmet)
rElec    .         Harm     .   (no cloak)
rCorr    .         Rampage  .   (no gloves)
Will     .....                  (no barding)
Stlth    +++.......             (no amulet)
HPRegen  0.09/turn              h - ring of protection from fire
MPRegen  0.08/turn              (no ring)

@: corroded, very slow
A: large, see invisible, deformed body, poison resistance, slowness 2, spit
poison 1, AC +0
a: Spit Poison


You were on level 5 of the Dungeon.
You visited 1 branch of the dungeon, and saw 1 of its levels.


Innate Abilities, Weirdness & Mutations

You cannot wear boots.
Your serpentine skin is tough. (AC +0)
You have supernaturally acute eyesight. (SInv)
Armour fits poorly on your strangely shaped body.
Your system is resistant to poisons. (rPois)
You cover ground very slowly.
You can spit poison.


   Skills:
 - Level 3.0 Fighting
 + Level 2.5 Axes
 - Level 1.5 Dodging
 + Level 7.7 Stealth


You had one spell level left.
You didn't know any spells.
Your spell library was empty.

Inventory:

Hand Weapons
 a - a +0 hand axe
 i - a +0 flail (weapon)
Armour
 b - a +0 leather armour (worn)
Jewellery
 h - a ring of protection from fire (left hand)
Wands
 g - a wand of digging (3)
Scrolls
 c - a scroll of fog
 d - a scroll of magic mapping
 e - a scroll of fear
Potions
 f - a potion of haste {@q3}

Dungeon Overview and Level Annotations

Branches:
Dungeon (5/15)
 Temple: D:4-7

Altars:

▒▒▒▒▒▒ ▒▒▒▒▒▒
▒.▒▒▒....▒▒▒▒▒▒▒▒▒▒▒....▒
▒........N....).......▒.▒
▒..▒▒▒▒▒o▒▒.▒▒▒▒▒▒▒▒▒▒▒▒▒▒.▒
.........▒.................▒
▒▒.........▒▒....(.▒..▒▒▒▒▒▒▒
...........+............†....
...........▒▒.▒▒▒▒▒▒.▒▒▒▒▒▒.▒
.....................▒ ▒.▒
............▒.▒▒▒▒▒.)▒ ▒.▒
...▒▒)......▒.▒ ▒..▒ ▒.▒


You could see an orc.


Message History

HP restored.
An orc comes into view. It is wielding a +0 club.
Found a dagger.
The orc shouts!
Use which ability? (? or * to list)
Aim: an orc, wielding a +0 club and wearing a cursed +0 scale mail The splash of poison hits the orc but does no damage.
The orc is poisoned.
You have got your breath back.
You kill the orc!
Things that are here:
a +0 club; a cursed +0 scale mail A worker ant comes into view.
The orc shouts!
Here: an orc, wielding a +0 club, wearing a +0 scale mail and carrying a wand of acid (4)
The floor.
Use which ability? (? or * to list)
Aim: an orc, wielding a +0 club, wearing a +0 scale mail and carrying a wand of acid (4)
The splash of poison misses the orc.
Use which ability? (? or * to list)
You can't do that yet.
You have got your breath back.
The orc zaps a wand.
The bolt of acid hits you!!
Ouch! That really hurt!
* * * LOW HITPOINT WARNING * * *
The acid corrodes you!
You are splashed with acid!
Ouch! That really hurt!
You die...

Action                   || total
-------------------------++-------
Melee: Flail             ||     1
 Abil: Spit Poison       ||     8
Dodge: Dodged            ||     1

Levels and vault maps discovered:
D:5:      layout_basic, minmay_temple_entry_waves, serial_shops,
          nicolae_shop_waterfront

Notes
Turn   | Place    | Note
-------+----------+-------------------------------------------
     0 | D:5      | sanka the Naga Delver began the quest for the Orb.
     0 | D:5      | Reached XP level 1. HP: 21/21 MP: 1/1
    70 | D:5      | Reached XP level 2. HP: 28/28 MP: 2/2
   189 | D:5      | Splashed by an orc's acid

Vanquished Creatures
  An adder (D:5)
  3 orcs (D:5)
4 creatures vanquished.

Table legend: (Time is in decaauts)
 A = Elapsed time spent in this place.
 B = Non-inter-level travel time spent in this place.
 C = Inter-level travel time spent in this place.
 D = Time resting spent in this place.
 E = Time spent auto-exploring this place.
 F = Levels seen in this place.
 G = Mean time per level.
                   A        B        C        D        E       F      G
               +--------+--------+--------+--------+--------+-----+--------+
         Total |    242 |    242 |      0 |     29 |    112 |   1 |  242.0 |
       Dungeon |    242 |    242 |      0 |     29 |    112 |   1 |  242.0 |
               +--------+--------+--------+--------+--------+-----+--------+

Top non-repeatable levels by time:
     D:5: 242 daAuts
